 Dungeon Crawl Stone Soup version 0.20-a0-9-g62d82d9 (webtiles) character file.

949 Ijustatesigmund the Skirmisher (level 7, -9/66 HPs)
             Began as a Minotaur Monk on Nov 1, 2016.
             Mangled by lynn's ghost (16 damage)
             ... on level 5 of the Dungeon.
             The game lasted 00:11:07 (4994 turns).

Ijustatesigmund the Skirmisher (Minotaur Monk)      Turns: 4994, Time: 00:11:08

Health: -9/66      AC:  4    Str: 20    XL:     7   Next: 89%
Magic:  6/6        EV: 12    Int: 10    God:
Gold:   220        SH: 10    Dex: 15    Spells: 0 memorised, 6 levels left

rFire  . . .     SeeInvis .     z - +0 flail (holy)
rCold  + . .     Gourm    +     o - +1 robe {rC+}
rNeg   + . .     Faith    .     y - +0 shield
rPois  .         Spirit   .     (helmet restricted)
rElec  .         Reflect  .     (no cloak)
rCorr  .         Harm     .     k - +0 pair of gloves (curse)
MR     .....                    (no boots)
Stlth  ++........               s - amulet of the gourmand
                                u - ring of positive energy
                                h - +3 ring of intelligence

@: mighty, hasted, very quick
A: retaliatory headbutt, horns 2
a: no special abilities


You were on level 5 of the Dungeon.
You were full.

You visited 2 branches of the dungeon, and saw 6 of its levels.

You collected 220 gold pieces.

Inventory:

Hand Weapons
 z - a +0 flail of holy wrath (weapon)
Missiles
 f - 3 tomahawks of returning (quivered)
Armour
 k - a cursed +0 pair of gloves (worn)
 o - a +1 robe of cold resistance (worn)
 y - a +0 shield (worn)
Jewellery
 h - a +3 ring of intelligence (left hand)
 s - an amulet of the gourmand (around neck)
 u - a ring of positive energy (right hand)
Wands
 q - a wand of polymorph (10/24)
 t - a wand of slowing (8/48)
Scrolls
 b - a scroll of identify
 d - 7 scrolls of remove curse
 l - 2 scrolls of recharging
 p - a scroll of fog
Potions
 a - 2 potions of curing
 e - a potion of lignification
 g - 2 potions of magic
 r - 2 potions of invisibility
 v - a potion of flight
 x - a potion of agility
 A - a potion of mutation {unknown}
Comestibles
 c - 3 bread rations
 i - a beef jerky
 m - a royal jelly
 n - a meat ration


   Skills:
 - Level 7.3 Fighting
 - Level 7.3 Maces & Flails
 - Level 3.2 Dodging
 - Level 1.5 Stealth
 + Level 5.8 Shields


You had 6 spell levels left.
You didn't know any spells.

Dungeon Overview and Level Annotations

Branches:
Dungeon (5/15)             Temple (1/1) D:5

Altars:
Cheibriados
Dithmenos
Fedhas
Gozag
Hepliaklqana
Kikubaaqudgha
Makhleb
Nemelex Xobeh
Okawaru
Qazlal
Ru
Sif Muna
Trog
Uskayaw
Vehumet
Xom
Yredelemnul
Zin
The Shining One

Annotations:
D:5 lynn's ghost, amateur FoFi


Innate Abilities, Weirdness & Mutations

You reflexively headbutt those who attack you in melee.
You have a pair of horns on your head.


Message History

You block the howler monkey zombie's attack.
You feel very mighty all of a sudden.
You block the howler monkey zombie's attack.
You completely miss the howler monkey zombie.
You headbutt the howler monkey zombie.
You destroy the howler monkey zombie!
You sock the shadow imp!
You kill the shadow imp!
You sock lynn's ghost!
Lynn's ghost convulses!
Your headbutt misses lynn's ghost.
Lynn's ghost is heavily damaged.
Lynn's ghost hits you! You block lynn's ghost's attack.
You hit lynn's ghost.
Lynn's ghost convulses.
You headbutt lynn's ghost.
Lynn's ghost is severely damaged.
Lynn's ghost hits you!
* * * LOW HITPOINT WARNING * * *
Okay, then.
Okay, then.
You feel yourself speed up. Lynn's ghost hits you!
You die...

## #. ######### #.
........# #.
........#################.
........W@............).'.
........############....#.
........# ........+.
........# #########.
........# #.. ........#
#.. ........# #.#
....>...' #.# #)#


You could see lynn's ghost.

Vanquished Creatures
  A sky beast (D:5)
  An ogre (D:4)
  A centaur (D:5)
  Blork the orc (D:5)
  A howler monkey (D:4)
  A crimson imp (D:5)
  2 orc priests
  A centaur skeleton (D:5)
  A centaur zombie (D:5)
  A bullfrog skeleton (D:4)
  Jessica (D:2)
  Ijyb (D:2)
  An orc wizard (D:3)
  2 worker ants (D:4)
  Natasha (thrice) (D:2)
  A howler monkey zombie (D:5)
  7 adders
  2 shadow imps (D:5)
  2 oozes
  4 worms
  7 dart slugs (D:3)
  4 leopard geckos
  8 orcs
  2 giant cockroaches (D:1)
  9 goblins
  10 hobgoblins
  5 jackals (D:2)
  4 kobolds
  4 quokkas
  6 bats
  2 frilled lizards (D:2)
  11 rats
107 creatures vanquished.

Notes
Turn   | Place    | Note
-------+----------+-------------------------------------------
     0 | D:1      | Ijustatesigmund the Minotaur Monk began the quest for the Orb.
     0 | D:1      | Reached XP level 1. HP: 19/19 MP: 0/0
     6 | D:1      | Noticed a six-headed hydra
     6 | D:1      | Noticed a crocodile
     6 | D:1      | Noticed a hound
     7 | D:1      | Noticed a black bear
   648 | D:1      | Reached XP level 2. HP: 27/27 MP: 1/1
   859 | D:1      | Reached XP level 3. HP: 28/34 MP: 2/2
  1347 | D:2      | Reached skill level 5 in Maces & Flails
  1347 | D:2      | Reached XP level 4. HP: 16/41 MP: 3/3
  1610 | D:2      | Noticed Jessica
  1621 | D:2      | Killed Jessica
  1621 | D:2      | Reached skill level 5 in Fighting
  1726 | D:2      | Noticed Ijyb
  1735 | D:2      | Killed Ijyb
  2025 | D:2      | Reached XP level 5. HP: 45/48 MP: 4/4
  2097 | D:2      | Noticed Natasha
  2103 | D:2      | Killed Natasha
  2228 | D:2      | Noticed Natasha
  2237 | D:2      | Killed Natasha
  2364 | D:2      | Noticed Natasha
  2368 | D:2      | Killed Natasha
  2811 | D:3      | Reached XP level 6. HP: 35/57 MP: 5/5
  3570 | D:4      | Found a shadowy altar of Dithmenos.
  3574 | D:4      | Found a glowing silver altar of Zin.
  3578 | D:4      | Found an opulent altar of Gozag.
  3582 | D:4      | Found a blossoming altar of Fedhas.
  3584 | D:4      | Found a sacrificial altar of Ru.
  3697 | D:4      | Reached XP level 7. HP: 66/66 MP: 6/6
  3853 | D:4      | Reached skill level 1 in Shields
  4320 | D:5      | Entered Level 5 of the Dungeon
  4411 | D:5      | Found a staircase to the Ecumenical Temple.
  4429 | Temple   | Entered the Ecumenical Temple
  4701 | D:5      | Noticed Blork the orc
  4709 | D:5      | Killed Blork the orc
  4750 | D:5      | Reached skill level 5 in Shields
  4975 | D:5      | Noticed lynn's ghost (amateur FoFi)
  4994 | D:5      | Mangled by lynn's ghost

Vault maps used:
D:1:      onia_arrival_zoo_common, minmay_pentomino_r2
D:2:      kennysheep_generic_room_13, uniq_iyjb, uniq_natasha, uniq_jessica
D:3:      kennysheep_slugbush, first_bread
D:4:      minitemple
D:5:      uniq_blork_the_orc
Temple:   minmay_temple_curvy_branch

Skill      XL: |  1  2  3  4  5  6  7 |
---------------+----------------------+-----
Fighting       | 4 5 6 7 |  7.3
Maces & Flails | 4 5 6 7 |  7.3
Shields        | 5 |  5.8
Dodging        | |  3.2
Stealth        | |  1.5

Action                   |  1- 3 |  4- 6 |  7- 9 || total
-------------------------+-------+-------+-------++-------
Melee: Mace              |    64 |   147 |    19 ||   230
       Headbutt          |     6 |    29 |    20 ||    55
       Flail             |       |       |    53 ||    53
Throw: Tomahawk          |     3 |    13 |       ||    16
  Use: Scroll            |     6 |    10 |     3 ||    19
       Potion            |     1 |     4 |     3 ||     8
 Stab: Sleeping          |     1 |     5 |     1 ||     7
  Eat: Chunk             |     1 |     7 |    11 ||    19
Armor: Robe              |    13 |    32 |    12 ||    57
Dodge: Dodged            |    59 |    88 |    22 ||   169
Block: Shield            |       |       |    30 ||    30
